[ PARTIDA AOE2 · #469461489 ]
UnrankedFrancos vs None
Equipo rival · DERR
[ ANÁLISIS DE REPETICIÓN · EXTRAÍDO DE LA PARTIDA GRABADA ]
Feudal
8:27
Castillos
19:24
Imperial
39:39
| APM promedio | 61.8 |
| APM pico | 120 |
| eAPM promedio | 35.1 |
| Aldeanos / militares | 169 / 200 |
Foco
⚔️ 48.6% · 🌾 51.4%
Scout Cavalry ×75 · Spearman ×62 · Militia ×30 · Hand Cannoneer ×24 · Bombard Cannon ×5 · Monk ×4
Feudal
9:16
Castillos
18:28
Imperial
39:19
| APM promedio | 54.4 |
| APM pico | 122 |
| eAPM promedio | 25.5 |
| Aldeanos / militares | 150 / 133 |
Foco
⚔️ 33.3% · 🌾 66.7%
Knight ×59 · Spearman ×45 · Teutonic Knight ×19 · Scout Cavalry ×4 · Trebuchet (Packed) ×4 · Mangonel ×1
Mapa de la partida
Recursos iniciales + cada clic de construcción. Líneas = muros · curvas = relieve. ◆ oro · ⬟ piedra · ● bayas · ✦ reliquia · ◌ hueco del cierre
Tu base· ✓ Cerrada en 19:24 · 34t muro · 1 puerta(s)
Base de GL.Prodflop· ✓ Cerrada en 18:28 · 35t muro · sin puerta
Terreno inicial suavizado · ◌ = hueco del cierre detectado · pasá el cursor para detalles
Inputs por minuto
— RVN_pH - - GL.Prodflop
Build order — RVN_pH
Primeras 150 de 624 acciones detectadas
| 0:00 | Encolar | Villager (Male) |
| 0:00 | Encolar | Villager (Male) |
| 0:01 | Construir | House |
| 0:02 | Construir | House |
| 0:04 | Encolar | Villager (Male) |
| 0:05 | Encolar | Villager (Male) |
| 1:24 | Encolar | Villager (Male) |
| 1:50 | Encolar | Villager (Male) |
| 2:07 | Construir | Lumber Camp |
| 2:15 | Encolar | Villager (Male) |
| 2:46 | Encolar | Villager (Male) |
| 3:02 | Encolar | Villager (Male) |
| 3:32 | Encolar | Villager (Male) |
| 3:49 | Construir | House |
| 3:57 | Encolar | Villager (Male) |
| 3:57 | Encolar | Villager (Male) |
| 4:07 | Encolar | Villager (Male) |
| 4:07 | Encolar | Villager (Male) |
| 4:23 | Encolar | Villager (Male) |
| 4:35 | Construir | Mill |
| 5:23 | Encolar | Villager (Male) |
| 5:35 | Encolar | Villager (Male) |
| 5:39 | Investigar | Loom |
| 6:17 | Investigar | Feudal Age |
| 6:17 | Investigar | Feudal Age |
| 6:56 | Construir | Lumber Camp |
| 7:59 | Encolar | Villager (Male) |
| 8:20 | Construir | Barracks |
| 8:27 | Edad | Edad Feudal |
| 8:35 | Investigar | Double-Bit Axe |
| 8:35 | Encolar | Villager (Male) |
| 9:04 | Construir | House |
| 9:06 | Encolar | Villager (Male) |
| 9:23 | Encolar | Villager (Male) |
| 9:26 | Construir | House |
| 9:27 | Construir | House |
| 9:42 | Construir | Stable |
| 9:43 | Encolar | Villager (Male) |
| 9:45 | Construir | Palisade Wall |
| 9:51 | Encolar | Spearman |
| 10:06 | Construir | House |
| 10:07 | Encolar | Villager (Male) |
| 10:10 | Construir | House |
| 10:32 | Construir | Palisade Wall |
| 10:33 | Construir | Palisade Wall |
| 10:34 | Construir | Palisade Wall |
| 10:36 | Construir | Palisade Wall |
| 10:42 | Encolar | Villager (Male) |
| 10:45 | Encolar | Scout Cavalry |
| 11:07 | Construir | Farm |
| 11:15 | Construir | Palisade Wall |
| 11:18 | Construir | Palisade Wall |
| 11:21 | Encolar | Villager (Male) |
| 11:24 | Construir | Farm |
| 11:25 | Construir | Farm |
| 11:28 | Construir | Farm |
| 11:33 | Construir | Farm |
| 11:35 | Construir | Farm |
| 11:41 | Encolar | Villager (Male) |
| 11:44 | Encolar | Scout Cavalry |
| 11:53 | Construir | House |
| 11:56 | Encolar | Spearman |
| 12:34 | Encolar | Villager (Male) |
| 12:41 | Construir | Palisade Wall |
| 12:43 | Encolar | Villager (Male) |
| 12:49 | Construir | Farm |
| 12:50 | Construir | Farm |
| 12:59 | Construir | Farm |
| 13:01 | Construir | Farm |
| 13:22 | Encolar | Villager (Male) |
| 13:31 | Construir | Mining Camp |
| 13:39 | Encolar | Villager (Male) |
| 13:43 | Investigar | Wheelbarrow |
| 13:43 | Investigar | Wheelbarrow |
| 13:56 | Construir | Farm |
| 14:25 | Encolar | Villager (Male) |
| 14:52 | Construir | Farm |
| 15:00 | Construir | Stable |
| 15:02 | Construir | Blacksmith |
| 15:05 | Encolar | Villager (Male) |
| 15:26 | Construir | Palisade Wall |
| 15:31 | Construir | Palisade Wall |
| 15:31 | Construir | Palisade Wall |
| 15:34 | Encolar | Villager (Male) |
| 15:51 | Construir | House |
| 15:54 | Construir | Palisade Gate |
| 16:07 | Encolar | Villager (Male) |
| 16:41 | Investigar | Castle Age |
| 16:41 | Investigar | Castle Age |
| 16:52 | Construir | House |
| 16:55 | Construir | House |
| 16:55 | Construir | House |
| 16:59 | Construir | House |
| 17:17 | Investigar | Forging |
| 17:18 | Investigar | Forging |
| 17:25 | Construir | Farm |
| 17:30 | Construir | Farm |
| 17:33 | Construir | Farm |
| 17:54 | Encolar | Villager (Male) |
| 17:58 | Construir | House |
| 17:59 | Construir | Palisade Wall |
| 18:08 | Investigar | Scale Barding Armor |
| 18:31 | Construir | House |
| 18:51 | Encolar | Scout Cavalry |
| 18:52 | Encolar | Scout Cavalry |
| 19:02 | Construir | Farm |
| 19:08 | Encolar | Spearman |
| 19:24 | Edad | Edad de los Castillos |
| 19:29 | Construir | Town Center |
| 19:32 | Investigar | Bow Saw |
| 19:40 | Construir | Monastery |
| 19:46 | Encolar | Villager (Male) |
| 19:58 | Encolar | Villager (Male) |
| 20:02 | Construir | Farm |
| 20:06 | Construir | Farm |
| 20:19 | Investigar | Man-at-Arms (upgrade) |
| 20:19 | Investigar | Man-at-Arms (upgrade) |
| 20:22 | Investigar | Iron Casting |
| 20:24 | Encolar | Monk |
| 20:28 | Encolar | Villager (Male) |
| 20:48 | Encolar | Villager (Male) |
| 20:48 | Encolar | Villager (Male) |
| 20:55 | Construir | Barracks |
| 20:58 | Encolar | Villager (Male) |
| 20:59 | Encolar | Villager (Male) |
| 21:05 | Investigar | Long Swordsman (upgrade) |
| 21:05 | Investigar | Long Swordsman (upgrade) |
| 21:27 | Investigar | Squires |
| 21:31 | Encolar | Villager (Male) |
| 21:31 | Encolar | Villager (Male) |
| 21:37 | Encolar | Militia |
| 21:39 | Encolar | Militia |
| 21:39 | Encolar | Militia |
| 21:47 | Construir | Blacksmith |
| 21:50 | Encolar | Villager (Male) |
| 22:02 | Encolar | Militia |
| 22:05 | Construir | Farm |
| 22:06 | Construir | Farm |
| 22:09 | Encolar | Militia |
| 22:09 | Encolar | Militia |
| 22:29 | Encolar | Militia |
| 22:32 | Encolar | Militia |
| 22:35 | Construir | Barracks |
| 22:40 | Encolar | Villager (Male) |
| 22:41 | Encolar | Villager (Male) |
| 22:43 | Construir | Farm |
| 22:45 | Construir | Farm |
| 22:46 | Construir | Farm |
| 22:59 | Construir | Farm |
| 23:11 | Encolar | Militia |
Build order — GL.Prodflop
Primeras 150 de 456 acciones detectadas
| 0:01 | Encolar | Villager (Male) |
| 0:01 | Encolar | Villager (Male) |
| 0:01 | Encolar | Villager (Male) |
| 0:03 | Construir | House |
| 0:04 | Construir | House |
| 0:13 | Encolar | Villager (Male) |
| 0:14 | Encolar | Villager (Male) |
| 0:26 | Construir | House |
| 1:25 | Encolar | Villager (Male) |
| 1:26 | Encolar | Villager (Male) |
| 1:40 | Encolar | Villager (Male) |
| 1:40 | Encolar | Villager (Male) |
| 1:47 | Construir | Lumber Camp |
| 2:15 | Encolar | Villager (Male) |
| 2:15 | Encolar | Villager (Male) |
| 2:46 | Encolar | Villager (Male) |
| 2:46 | Encolar | Villager (Male) |
| 3:13 | Encolar | Villager (Male) |
| 3:13 | Encolar | Villager (Male) |
| 3:36 | Encolar | Villager (Male) |
| 3:37 | Encolar | Villager (Male) |
| 3:50 | Construir | House |
| 3:51 | Construir | House |
| 3:53 | Construir | Palisade Wall |
| 3:54 | Construir | Palisade Wall |
| 3:59 | Encolar | Villager (Male) |
| 3:59 | Encolar | Villager (Male) |
| 4:27 | Encolar | Villager (Male) |
| 4:28 | Encolar | Villager (Male) |
| 4:48 | Encolar | Villager (Male) |
| 4:48 | Encolar | Villager (Male) |
| 5:21 | Encolar | Villager (Male) |
| 5:34 | Construir | Mill |
| 5:55 | Investigar | Loom |
| 6:39 | Encolar | Villager (Male) |
| 7:03 | Investigar | Feudal Age |
| 7:46 | Construir | Barracks |
| 8:09 | Encolar | Villager (Male) |
| 9:16 | Edad | Edad Feudal |
| 9:18 | Construir | Stable |
| 9:18 | Investigar | Double-Bit Axe |
| 9:24 | Construir | House |
| 9:26 | Construir | Palisade Wall |
| 9:32 | Encolar | Spearman |
| 9:37 | Encolar | Villager (Male) |
| 9:45 | Construir | Farm |
| 9:47 | Construir | Farm |
| 9:49 | Construir | House |
| 9:54 | Construir | Palisade Wall |
| 9:55 | Encolar | Villager (Male) |
| 9:56 | Encolar | Spearman |
| 10:01 | Encolar | Scout Cavalry |
| 10:01 | Encolar | Scout Cavalry |
| 10:09 | Construir | Farm |
| 10:10 | Encolar | Villager (Male) |
| 10:26 | Construir | Farm |
| 10:30 | Construir | Farm |
| 10:36 | Encolar | Spearman |
| 10:45 | Encolar | Villager (Male) |
| 10:51 | Construir | House |
| 10:55 | Construir | Farm |
| 10:55 | Construir | Farm |
| 10:55 | Construir | Farm |
| 11:11 | Construir | Farm |
| 11:14 | Construir | Farm |
| 11:17 | Construir | House |
| 11:20 | Encolar | Villager (Male) |
| 11:38 | Encolar | Villager (Male) |
| 11:38 | Encolar | Villager (Male) |
| 11:40 | Construir | Farm |
| 11:54 | Encolar | Villager (Male) |
| 11:56 | Construir | Farm |
| 12:05 | Construir | Farm |
| 12:06 | Construir | Farm |
| 12:17 | Construir | House |
| 12:19 | Construir | Palisade Wall |
| 12:30 | Encolar | Villager (Male) |
| 12:44 | Construir | Farm |
| 12:45 | Encolar | Villager (Male) |
| 13:01 | Construir | Mining Camp |
| 13:03 | Encolar | Villager (Male) |
| 13:11 | Encolar | Spearman |
| 13:23 | Encolar | Spearman |
| 13:33 | Encolar | Villager (Male) |
| 14:32 | Construir | Palisade Wall |
| 14:33 | Encolar | Villager (Male) |
| 14:46 | Construir | House |
| 14:48 | Construir | Blacksmith |
| 14:56 | Encolar | Villager (Male) |
| 15:15 | Encolar | Villager (Male) |
| 15:20 | Construir | House |
| 15:21 | Construir | House |
| 15:22 | Construir | House |
| 15:36 | Construir | Farm |
| 15:43 | Investigar | Castle Age |
| 15:44 | Investigar | Castle Age |
| 16:00 | Encolar | Spearman |
| 16:00 | Encolar | Spearman |
| 16:25 | Investigar | Forging |
| 16:30 | Construir | Barracks |
| 16:47 | Encolar | Spearman |
| 17:18 | Encolar | Spearman |
| 17:19 | Encolar | Spearman |
| 17:21 | Investigar | Scale Mail Armor |
| 17:37 | Construir | Palisade Wall |
| 17:39 | Encolar | Spearman |
| 17:40 | Encolar | Spearman |
| 17:45 | Encolar | Spearman |
| 18:12 | Encolar | Spearman |
| 18:25 | Encolar | Villager (Male) |
| 18:28 | Edad | Edad de los Castillos |
| 18:31 | Construir | Siege Workshop |
| 18:32 | Investigar | Pikeman (upgrade) |
| 18:42 | Investigar | Squires |
| 18:44 | Encolar | Villager (Male) |
| 18:51 | Encolar | Villager (Male) |
| 18:52 | Construir | Farm |
| 19:13 | Encolar | Battering Ram |
| 19:14 | Construir | House |
| 19:32 | Encolar | Villager (Male) |
| 19:39 | Encolar | Spearman |
| 19:40 | Encolar | Spearman |
| 19:40 | Encolar | Spearman |
| 19:47 | Construir | House |
| 20:00 | Encolar | Mangonel |
| 20:03 | Encolar | Villager (Male) |
| 20:04 | Encolar | Spearman |
| 20:17 | Construir | House |
| 20:23 | Encolar | Spearman |
| 20:23 | Encolar | Spearman |
| 20:25 | Encolar | Villager (Male) |
| 20:35 | Construir | Farm |
| 20:44 | Encolar | Spearman |
| 21:08 | Encolar | Spearman |
| 21:08 | Encolar | Spearman |
| 21:09 | Encolar | Villager (Male) |
| 21:09 | Encolar | Villager (Male) |
| 21:11 | Construir | Farm |
| 21:12 | Construir | Farm |
| 21:24 | Construir | Lumber Camp |
| 21:37 | Encolar | Spearman |
| 21:37 | Encolar | Spearman |
| 21:46 | Encolar | Villager (Male) |
| 21:46 | Encolar | Villager (Male) |
| 22:05 | Construir | House |
| 22:06 | Encolar | Villager (Male) |
| 22:07 | Encolar | Villager (Male) |
| 22:10 | Construir | Farm |
| 22:10 | Construir | Farm |
| 22:10 | Construir | Farm |
Cronología de la partida
| 3:53 | GL.Prodflop · wall_segment Palisade Wall x3 |
| 3:54 | GL.Prodflop · wall_segment Palisade Wall x1 |
| 7:46 | GL.Prodflop · first_building Barracks |
| 8:20 | RVN_pH · first_building Barracks |
| 8:27 | RVN_pH · age_up feudal |
| 9:16 | GL.Prodflop · age_up feudal |
| 9:18 | GL.Prodflop · first_building Stable |
| 9:26 | GL.Prodflop · wall_segment Palisade Wall x9 |
| 9:42 | RVN_pH · first_building Stable |
| 9:45 | RVN_pH · wall_segment Palisade Wall x5 |
| 9:54 | GL.Prodflop · wall_segment Palisade Wall x4 |
| 10:32 | RVN_pH · wall_segment Palisade Wall x2 |
| 10:33 | RVN_pH · wall_segment Palisade Wall x1 |
| 10:34 | RVN_pH · wall_segment Palisade Wall x2 |
| 10:36 | RVN_pH · wall_segment Palisade Wall x15 |
| 11:15 | RVN_pH · wall_segment Palisade Wall x1 |
| 11:18 | RVN_pH · wall_segment Palisade Wall x1 |
| 12:19 | GL.Prodflop · wall_segment Palisade Wall x10 |
| 12:41 | RVN_pH · wall_segment Palisade Wall x1 |
| 14:32 | GL.Prodflop · wall_segment Palisade Wall x1 |
| 15:26 | RVN_pH · wall_segment Palisade Wall x5 |
| 15:31 | RVN_pH · wall_segment Palisade Wall x1 |
| 15:31 | RVN_pH · wall_segment Palisade Wall x1 |
| 17:37 | GL.Prodflop · wall_segment Palisade Wall x7 |
| 17:59 | RVN_pH · wall_segment Palisade Wall x1 |
| 18:28 | GL.Prodflop · age_up castle |
| 18:31 | GL.Prodflop · first_building Siege Workshop |
| 19:24 | RVN_pH · age_up castle |
| 19:40 | RVN_pH · first_building Monastery |
| 25:23 | RVN_pH · first_market_buy 100 food |
| 25:56 | RVN_pH · first_market_sell 100 wood |
| 26:20 | GL.Prodflop · wall_segment Palisade Wall x1 |
| 26:24 | GL.Prodflop · wall_segment Palisade Wall x1 |
| 32:26 | RVN_pH · first_building Castle |
| 32:56 | GL.Prodflop · first_building Castle |
| 33:21 | GL.Prodflop · first_market_buy 100 stone |
| 37:34 | RVN_pH · first_building Archery Range |
| 38:55 | GL.Prodflop · first_market_sell 100 food |
| 39:19 | GL.Prodflop · age_up imperial |
| 39:39 | RVN_pH · age_up imperial |
| 41:57 | RVN_pH · first_building Siege Workshop |
| 42:41 | GL.Prodflop · wall_segment Stone Wall x1 |
| 45:53 | GL.Prodflop · resign |
[ ANÁLISIS IA · 1 CRÉDITO ]
¿Qué pasó realmente en esta partida?
Wolo.gg analiza cada decisión: build order, eco, micro, errores típicos por bracket. Análisis personalizado por WhatsApp o Discord en 30 segundos.
Guía civ
Francos
Perfil
Jugador #3830646